Senators vs Condors

Created - June 27, 2022 at 20:20

Goals
1 2 3 T
Senators 0 4 2 6
Condors 1 2 1 4
Shots
1 2 3 T
Senators 3 23 6 32
Condors 8 17 12 37

1st period

1. Condors , Mark Jankowski 31 (Scott Mayfield 28, Anton Slepyshev 58) at 0:50

Penalties :
Carl Gunnarsson (Bak) for Tripping (Minor) at 2:33, Jesse Puljujarvi (Bak) for Hooking (Minor) at 11:32, William Bitten (Bel) for Holding Stick (Minor) at 18:25

2nd period

2. Senators , Zachary Sanford 54 (Tomas Jurco 51, Scott Harrington 24) at 1:37
3. Condors , Robby Fabbri 27 (Tyler Bozak 51) at 6:10 (PP)
4. Senators , Grant Besse 11 (Jordan Schroeder 34, Christoph Bertschy 66) at 6:44
5. Condors , Christian Thomas 13 (Phil McRae 3, Kiefer Sherwood 18) at 7:45
6. Senators , Grant Besse 12 (Jordan Schroeder 35, Dmitry Sinitsyn 43) at 8:42
7. Senators , Zachary Sanford 55 (Christoph Bertschy 67) at 16:47

Penalties :
C.J Suess (Bel) for Goalie Interference (Minor) at 5:03

3rd period

8. Senators , Jordan Schroeder 16 (Joonas Lyytinen 12) at 1:20
9. Senators , Jordan Schroeder 17 (Keegan Lowe 21, Grant Besse 16) at 3:30
10. Condors , Robby Fabbri 28 (Tyler Bozak 52, Carl Gunnarsson 35) at 11:58

Penalties :
Mark Jankowski (Bak) for Hooking (Minor) at 14:14

Goalie Stats

Garret Sparks (Bel), 33 saves from 37 shots - (0.892), W, 21-15-3, 60:00 minutes
Carter Hart (Bak), 26 saves from 32 shots - (0.813), L, 33-24-0, 60:00 minutes

Players Stats for Senators

Player Name              G  A  P  +/- PIM S  H  SB GA TA FO     MP     PP MP  PK MP  
------------------------------------------------------------------------------------
C.J Suess                0  0  0   0  2   2  0  0  0  0  0/1    16:58   3:32   0:25 
Chandler Stephenson      0  0  0  -1  0   0  0  0  0  0  0/0     9:42   0:00   0:00 
Christoph Bertschy       0  2  2   1  0   4  1  0  0  0  18/38  22:39   2:25   2:19 
Dmitry Sinitsyn          0  1  1  -2  0   1  3  3  0  0  0/0    27:46   3:33   2:00 
Grant Besse              2  1  3   3  0   4  1  1  0  0  0/0    10:37   0:00   0:00 
Jacob De La Rose         0  0  0   0  0   0  1  1  0  1  6/14   17:17   3:32   0:47 
Joonas Lyytinen          0  1  1   3  0   2  0  1  0  0  0/0    12:56   0:00   0:00 
Jordan Schroeder         2  2  4   3  0   2  0  0  0  0  1/3    10:29   0:00   0:00 
Keegan Lowe              0  1  1   2  0   1  1  0  1  0  0/0    19:18   2:24   1:06 
Kevin Rooney             0  0  0  -1  0   1  2  0  1  0  1/3    10:09   0:00   0:00 
Michael Matheson         0  0  0  -2  0   2  3  1  1  3  0/0    27:46   3:33   2:00 
Nikita Nesterov          0  0  0   3  0   0  0  1  0  1  0/0    12:56   0:00   0:00 
Oliver Bjorkstrand       0  0  0   0  0   0  1  0  1  0  0/0    16:36   3:32   0:00 
Scott Harrington         0  1  1   2  0   0  2  0  1  1  0/0    19:18   2:24   1:06 
Tomas Jurco              0  1  1   1  0   3  1  1  1  1  0/0    20:20   2:25   0:00 
Vitaly Abramov           0  0  0   3  0   0  1  0  0  0  0/0    10:10   0:00   0:18 
William Bitten           0  0  0  -1  2   0  0  0  0  1  0/0     9:08   0:00   0:00 
Zachary Sanford          2  0  2   1  0   10 2  0  2  1  2/2    22:47   2:25   2:23 

Players Stats for Condors

Player Name              G  A  P  +/- PIM S  H  SB GA TA FO     MP     PP MP  PK MP  
------------------------------------------------------------------------------------
Adam Erne                0  0  0   0  0   2  2  0  0  0  0/0    18:58   1:28   0:00 
Alexandre Carrier        0  0  0   1  0   0  0  2  0  0  0/0    12:13   0:00   1:09 
Anton Slepyshev          0  1  1   0  0   5  5  0  2  0  1/2    22:27   1:28   3:16 
Carl Gunnarsson          0  1  1  -1  2   2  0  2  1  1  0/0    23:35   1:11   2:06 
Chris Bigras             0  0  0  -1  0   0  0  1  1  1  0/0    19:24   1:55   2:42 
Christian Thomas         1  0  1   0  0   2  1  0  0  1  0/0    12:50   0:00   1:05 
Clayton Keller           0  0  0  -2  0   1  1  0  0  0  0/0     7:53   0:00   0:00 
Gustav Olofsson          0  0  0  -2  0   0  0  0  0  0  0/0     5:18   0:00   0:00 
Jesse Puljujarvi         0  0  0  -1  2   1  4  0  0  0  1/1    16:31   1:38   0:00 
Kiefer Sherwood          0  1  1   0  0   1  0  0  0  0  0/0    10:17   0:00   0:00 
Louis Leblanc            0  0  0  -2  0   2  1  0  2  1  2/3     9:33   0:00   1:24 
Mark Jankowski           1  0  1   0  2   2  3  0  0  0  14/29  21:45   1:28   2:16 
Phil McRae               0  1  1   0  0   3  0  1  0  0  3/7    12:25   0:00   2:00 
Philippe Myers           0  0  0  -1  0   0  0  0  0  0  0/0    15:51   0:00   0:00 
Robby Fabbri             2  0  2  -1  0   5  0  1  1  0  1/1    17:32   1:38   1:36 
Scott Mayfield           0  1  1  -1  0   4  1  0  0  2  0/0    24:45   1:11   3:15 
Tyler Bozak              0  2  2  -1  0   6  1  0  2  0  11/18  16:08   1:38   0:17 
Tyson Jost               0  0  0  -2  0   0  1  0  0  0  0/0     7:11   0:00   0:00 
Zac Leslie               0  0  0  -1  0   1  3  1  0  2  0/0    19:24   1:55   2:42 

3 Stars

1 - Jordan Schroeder (Bel)
2 - Grant Besse (Bel)
3 - Zachary Sanford (Bel)

Power Play

Senators - 0 on 3 Attempt(s) - 0.00%
Condors - 1 on 2 Attempt(s) - 50.00%

Penalty Kill

Senators - 1 on 2 Attempt(s) - 50.00% - Score 0 goal in Penalty Kill
Condors - 3 on 3 Attempt(s) - 100.00% - Score 0 goal in Penalty Kill

Team Stat

Senators - Hits : 19 - Faceoff Wins : 28 - Blocked Shots : 9 - Penalty Minutes : 4
Condors - Hits : 23 - Faceoff Wins : 33 - Blocked Shots : 8 - Penalty Minutes : 6

Official

Referees : Dean Morton and Wes McCauley
Linesman : Kiel Murchison and Mark Shewchyk

Game Notes

No Game Note

Finance

Level 1 -- Attendance: 2000 (100.00%) -- Ticket Income $70,000
Level 2 -- Attendance: 1000 (100.00%) -- Ticket Income $15,000
Total Attendance: 3000 (100.00%)
Total Ticket Income: $85,000
Other Income: $4,250
Total Income: $89,250

Senators

5 vs 5 Forward 
   Center                   Left Wing                Right Wing               Time % Phy DF OF 
 1 Christoph Bertschy       Zachary Sanford          Tomas Jurco              40     1   2  2  
 2 Jacob De La Rose         C.J Suess                Oliver Bjorkstrand       30     1   2  2  
 3 Jordan Schroeder         Vitaly Abramov           Grant Besse              15     1   2  2  
 4 Kevin Rooney             Chandler Stephenson      William Bitten           15     1   2  2  

5 vs 5 Defense 
   Defense                  Defense                                           Time % Phy DF OF 
 1 Michael Matheson         Dmitry Sinitsyn                                   40     1   2  2  
 2 Keegan Lowe              Scott Harrington                                  30     1   2  2  
 3 Nikita Nesterov          Joonas Lyytinen                                   20     1   2  2  
 4 Michael Matheson         Dmitry Sinitsyn                                   10     1   2  2  

PowerPlay Forward 
   Center                   Left Wing                Right Wing               Time % Phy DF OF 
 1 Christoph Bertschy       Zachary Sanford          Tomas Jurco              60     0   1  4  
 2 Jacob De La Rose         C.J Suess                Oliver Bjorkstrand       40     0   1  4  

PowerPlay Defense
   Defense                  Defense                                           Time % Phy DF OF 
 1 Michael Matheson         Dmitry Sinitsyn                                   60     1   2  2  
 2 Keegan Lowe              Scott Harrington                                  40     1   2  2  

Penalty Kill 4 Players Forward 
   Center                   Wing                     Time % Phy DF OF 
 1 Christoph Bertschy       Zachary Sanford          60     1   2  2  
 2 Jacob De La Rose         C.J Suess                40     1   2  2  

Penalty Kill 4 Players Defense
   Defense                  Defense                  Time % Phy DF OF 
 1 Michael Matheson         Dmitry Sinitsyn          60     1   2  2  
 2 Keegan Lowe              Scott Harrington         40     1   2  2  

Penalty Kill - 3 Players Forward 
   Forward                                           Time % Phy DF OF 
 1 Christoph Bertschy                                60     1   2  2  
 2 Jacob De La Rose                                  40     1   2  2  

Penalty Kill - 3 Players Defense
   Defense                  Defense                  Time % Phy DF OF 
 1 Michael Matheson         Dmitry Sinitsyn          60     1   2  2  
 2 Keegan Lowe              Scott Harrington         40     1   2  2  

4 vs 4 Forward 
   Center                   Wing                     Time % Phy DF OF 
 1 Christoph Bertschy       Zachary Sanford          60     1   2  2  
 2 Jacob De La Rose         C.J Suess                40     1   2  2  

4 vs 4 Defense
   Defense                  Defense                  Time % Phy DF OF 
 1 Michael Matheson         Dmitry Sinitsyn          60     1   2  2  
 2 Keegan Lowe              Scott Harrington         40     1   2  2  

Last Minutes Offensive
   Center                   Left Wing                Right Wing               Defense                  Defense                  
   Christoph Bertschy       Zachary Sanford          Tomas Jurco              Michael Matheson         Dmitry Sinitsyn          

Last Minutes Defensive
   Center                   Left Wing                Right Wing               Defense                  Defense                  
   Christoph Bertschy       Zachary Sanford          Tomas Jurco              Michael Matheson         Dmitry Sinitsyn          

Goaltenders
Starting : Garret Sparks            
Backup : Scott Wedgewood          

Extra Forwards
Normal : Jacob De La Rose, Jordan Schroeder, Kevin Rooney - PP : Jacob De La Rose, Jordan Schroeder - PK : Jacob De La Rose
Extra Defensemen
Normal : Scott Harrington, Nikita Nesterov, Joonas Lyytinen - PP : Scott Harrington - PK : Scott Harrington, Nikita Nesterov
Penalty Shots
Tomas Jurco, Oliver Bjorkstrand, Zachary Sanford, Christoph Bertschy, Jacob De La Rose

Scratches
Gustav Forsling (Healthy), Jonas Siegenthaler (Healthy), Mason Geertsen (Healthy), Zemgus Girgensons (Broken Bone (Right Ankle) Injury), Arttu Ruotsalainen (Healthy)
Cliff Pu (Healthy), Keven Bouchard (Healthy)

Condors

5 vs 5 Forward 
   Center                   Left Wing                Right Wing               Time % Phy DF OF 
 1 Mark Jankowski           Anton Slepyshev          Adam Erne                40     1   2  2  
 2 Tyler Bozak              Robby Fabbri             Jesse Puljujarvi         30     1   2  2  
 3 Phil McRae               Christian Thomas         Kiefer Sherwood          20     1   2  2  
 4 Louis Leblanc            Tyson Jost               Clayton Keller           10     1   2  2  

5 vs 5 Defense 
   Defense                  Defense                                           Time % Phy DF OF 
 1 Scott Mayfield           Carl Gunnarsson                                   40     1   2  2  
 2 Zac Leslie               Chris Bigras                                      30     1   2  2  
 3 Philippe Myers           Alexandre Carrier                                 20     1   2  2  
 4 Gustav Olofsson          Philippe Myers                                    10     1   2  2  

PowerPlay Forward 
   Center                   Left Wing                Right Wing               Time % Phy DF OF 
 1 Mark Jankowski           Anton Slepyshev          Adam Erne                60     1   2  2  
 2 Tyler Bozak              Robby Fabbri             Jesse Puljujarvi         40     1   2  2  

PowerPlay Defense
   Defense                  Defense                                           Time % Phy DF OF 
 1 Scott Mayfield           Carl Gunnarsson                                   60     1   2  2  
 2 Zac Leslie               Chris Bigras                                      40     1   2  2  

Penalty Kill 4 Players Forward 
   Center                   Wing                     Time % Phy DF OF 
 1 Mark Jankowski           Anton Slepyshev          60     1   2  2  
 2 Phil McRae               Robby Fabbri             40     1   2  2  

Penalty Kill 4 Players Defense
   Defense                  Defense                  Time % Phy DF OF 
 1 Scott Mayfield           Carl Gunnarsson          60     1   2  2  
 2 Zac Leslie               Chris Bigras             40     1   2  2  

Penalty Kill - 3 Players Forward 
   Forward                                           Time % Phy DF OF 
 1 Mark Jankowski                                    60     1   2  2  
 2 Phil McRae                                        40     1   2  2  

Penalty Kill - 3 Players Defense
   Defense                  Defense                  Time % Phy DF OF 
 1 Scott Mayfield           Carl Gunnarsson          60     1   2  2  
 2 Zac Leslie               Chris Bigras             40     1   2  2  

4 vs 4 Forward 
   Center                   Wing                     Time % Phy DF OF 
 1 Mark Jankowski           Anton Slepyshev          60     1   2  2  
 2 Phil McRae               Robby Fabbri             40     1   2  2  

4 vs 4 Defense
   Defense                  Defense                  Time % Phy DF OF 
 1 Scott Mayfield           Carl Gunnarsson          60     1   2  2  
 2 Zac Leslie               Chris Bigras             40     1   2  2  

Last Minutes Offensive
   Center                   Left Wing                Right Wing               Defense                  Defense                  
   Mark Jankowski           Anton Slepyshev          Adam Erne                Scott Mayfield           Carl Gunnarsson          

Last Minutes Defensive
   Center                   Left Wing                Right Wing               Defense                  Defense                  
   Mark Jankowski           Anton Slepyshev          Adam Erne                Scott Mayfield           Carl Gunnarsson          

Goaltenders
Starting : Carter Hart              
Backup : Mark Visentin            

Extra Forwards
Normal : Louis Leblanc, Adam Erne, Christian Thomas - PP : Louis Leblanc, Adam Erne - PK : Louis Leblanc
Extra Defensemen
Normal : Alexandre Carrier, Gustav Olofsson, Philippe Myers - PP : Alexandre Carrier - PK : Alexandre Carrier, Gustav Olofsson
Penalty Shots
Anton Slepyshev, Mark Jankowski, Phil McRae, Robby Fabbri, Louis Leblanc

Scratches
Anders Bjork (Healthy), Brett Lernout (Strained Right Elbow Injury), Cole Cassels (Healthy), Colin White (Healthy), Connor Hurley (Healthy)
Daniel Zaar (Separated Right Shoulder Injury), Emil Djuse (Healthy), Jeremy Gregoire (Healthy), Jordan Subban (Healthy), Remi Elie (Healthy)
Nikolai Knyzhov (Healthy), Lucas Johansen (Healthy), Jack Campbell (Healthy)

% Time on Ice - Senators

Lines # - Real PCT - Wanted PCT - Time Play
Normal Forward
1 - 36% - 40% - 18:24
2 - 27% - 30% - 13:54
3 - 19% - 15% - 9:31
4 - 18% - 15% - 9:08
Normal Defense
1 - 37% - 40% - 18:41
2 - 31% - 30% - 15:48
3 - 25% - 20% - 12:56
4 - 7% - 10% - 3:32
PP Forward
1 - 41% - 60% - 2:25
2 - 59% - 40% - 3:32
PP Defense
1 - 60% - 60% - 3:33
2 - 40% - 40% - 2:24
PK Forward
1 - 75% - 60% - 2:19
2 - 25% - 40% - 0:47
PK Defense
1 - 65% - 60% - 2:00
2 - 35% - 40% - 1:06
PK3 Forward
1 - 0% - 60%
2 - 0% - 40%
PK3 Defense
1 - 0% - 60%
2 - 0% - 40%
44 Forward
1 - 0% - 60%
2 - 0% - 40%
44 Defense
1 - 0% - 60%
2 - 0% - 40%
Last Minute Offensive  - 0:00
Last Minute Defensive  - 0:00
Total
Forward - 60:00
Defense - 60:00

% Time on Ice - Condors

Lines # - Real PCT - Wanted PCT - Time Play
Normal Forward
1 - 37% - 40% - 18:44
2 - 30% - 30% - 15:06
3 - 20% - 20% - 10:17
4 - 13% - 10% - 6:50
Normal Defense
1 - 40% - 40% - 20:19
2 - 29% - 30% - 14:47
3 - 21% - 20% - 10:33
4 - 10% - 10% - 5:18
PP Forward
1 - 47% - 60% - 1:28
2 - 53% - 40% - 1:38
PP Defense
1 - 38% - 60% - 1:11
2 - 62% - 40% - 1:55
PK Forward
1 - 78% - 60% - 4:38
2 - 22% - 40% - 1:19
PK Defense
1 - 55% - 60% - 3:15
2 - 45% - 40% - 2:42
PK3 Forward
1 - 0% - 60%
2 - 0% - 40%
PK3 Defense
1 - 0% - 60%
2 - 0% - 40%
44 Forward
1 - 0% - 60%
2 - 0% - 40%
44 Defense
1 - 0% - 60%
2 - 0% - 40%
Last Minute Offensive  - 0:00
Last Minute Defensive  - 0:00
Total
Forward - 60:00
Defense - 60:00

Play-by-Play

1st period


0:01 of 1st period - Christoph Bertschy wins face-off versus Mark Jankowski in neutral zone.
0:38 of 1st period - Wrist shot by Mark Jankowski.
0:38 of 1st period - Shot Misses the Net.
0:40 of 1st period - Snap shot by Anton Slepyshev.
0:40 of 1st period - Stopped by Garret Sparks with a rebound.
0:42 of 1st period - Wrist shot by Mark Jankowski.
0:42 of 1st period - Shot Blocked by Dmitry Sinitsyn.
0:48 of 1st period - Slapshot by Anton Slepyshev.
0:48 of 1st period - Stopped by Garret Sparks with a rebound.
0:50 of 1st period - Wrist shot by Scott Mayfield.
0:50 of 1st period - Deflect By Mark Jankowski.
0:50 of 1st period - Goal by Mark Jankowski - Senators : 0 - Condors : 1.
0:51 of 1st period - Robby Fabbri wins face-off versus Jacob De La Rose in neutral zone.
0:56 of 1st period - Snap shot by Tyler Bozak.
0:56 of 1st period - Stopped by Garret Sparks without a rebound.
0:57 of 1st period - Tyler Bozak wins face-off versus Jacob De La Rose in Senators zone.
1:00 of 1st period - Slapshot by Robby Fabbri.
1:00 of 1st period - Deflect By Jesse Puljujarvi.
1:00 of 1st period - Stopped by Garret Sparks with a rebound.
1:02 of 1st period - Snap shot by Tyler Bozak.
1:02 of 1st period - Stopped by Garret Sparks with a rebound.
1:12 of 1st period - Slapshot by Oliver Bjorkstrand.
1:12 of 1st period - Shot Blocked by Robby Fabbri.
1:54 of 1st period - Wrist shot by Zachary Sanford.
1:54 of 1st period - Stopped by Carter Hart with a rebound.
2:06 of 1st period - Joonas Lyytinen is hit by Anton Slepyshev.
2:11 of 1st period - Off-side.
2:12 of 1st period - Christoph Bertschy wins face-off versus Anton Slepyshev in neutral zone.
2:33 of 1st period - Minor Penalty to Carl Gunnarsson for Tripping.
2:34 of 1st period - Anton Slepyshev wins face-off versus Christoph Bertschy in Condors zone.
3:02 of 1st period - Off-side.
3:03 of 1st period - Jacob De La Rose wins face-off versus Phil McRae in neutral zone.
3:37 of 1st period - Zac Leslie is hit by Oliver Bjorkstrand.
4:03 of 1st period - Phil McRae is hit by Jacob De La Rose and loses puck.
4:08 of 1st period - Wrist shot by Oliver Bjorkstrand.
4:08 of 1st period - Shot Blocked by Alexandre Carrier.
4:20 of 1st period - Scott Mayfield is hit by Michael Matheson and loses puck.
4:33 of 1st period - Penalty to Carl Gunnarsson is over, Carl Gunnarsson is back on ice.
4:47 of 1st period - Wrist shot by Oliver Bjorkstrand.
4:47 of 1st period - Shot Misses the Net.
5:01 of 1st period - Snap shot by Mark Jankowski.
5:01 of 1st period - Shot Misses the Net.
5:03 of 1st period - Slapshot by Mark Jankowski.
5:03 of 1st period - Deflect By Anton Slepyshev.
5:03 of 1st period - Shot Misses the Net.
5:03 of 1st period - Puck is out of play.
5:04 of 1st period - Jesse Puljujarvi wins face-off versus Christoph Bertschy in Senators zone.
5:55 of 1st period - Off-side.
5:56 of 1st period - Tyler Bozak wins face-off versus Christoph Bertschy in neutral zone.
5:59 of 1st period - Snap shot by Tyler Bozak.
5:59 of 1st period - Shot Misses the Net.
7:12 of 1st period - Off-side.
7:13 of 1st period - Tyler Bozak wins face-off versus Christoph Bertschy in neutral zone.
7:18 of 1st period - Snap shot by Tyler Bozak.
7:18 of 1st period - Stopped by Garret Sparks with a rebound.
7:28 of 1st period - Alexandre Carrier is hit by Christoph Bertschy and loses puck.
8:09 of 1st period - Wrist shot by Robby Fabbri.
8:09 of 1st period - Shot Misses the Net.
8:27 of 1st period - Zachary Sanford is hit by Anton Slepyshev and loses puck.
9:27 of 1st period - Snap shot by Anton Slepyshev.
9:27 of 1st period - Shot Blocked by Nikita Nesterov.
9:31 of 1st period - Wrist shot by Anton Slepyshev.
9:31 of 1st period - Shot Misses the Net.
9:33 of 1st period - Slapshot by Carl Gunnarsson.
9:33 of 1st period - Shot Misses the Net.
9:49 of 1st period - Snap shot by Chandler Stephenson.
9:49 of 1st period - Shot Blocked by Chris Bigras.
10:39 of 1st period - Snap shot by Anton Slepyshev.
10:39 of 1st period - Stopped by Garret Sparks with a rebound.
11:05 of 1st period - Icing by Alexandre Carrier.
11:06 of 1st period - Christoph Bertschy wins face-off versus Mark Jankowski in Condors zone.
11:15 of 1st period - Snap shot by Zachary Sanford.
11:15 of 1st period - Shot Misses the Net.
11:17 of 1st period - Snap shot by Tomas Jurco.
11:17 of 1st period - Shot Blocked by Alexandre Carrier.
11:19 of 1st period - Slapshot by Joonas Lyytinen.
11:19 of 1st period - Shot Misses the Net.
11:21 of 1st period - Snap shot by Joonas Lyytinen.
11:21 of 1st period - Stopped by Carter Hart without a rebound.
11:22 of 1st period - Jacob De La Rose wins face-off versus Tyler Bozak in Condors zone.
11:27 of 1st period - Backhand shot by Oliver Bjorkstrand.
11:27 of 1st period - Deflect By C.J Suess.
11:27 of 1st period - Stopped by Carter Hart without a rebound.
11:28 of 1st period - Jacob De La Rose wins face-off versus Tyler Bozak in Condors zone.
11:32 of 1st period - Minor Penalty to Jesse Puljujarvi for Hooking.
11:33 of 1st period - Christoph Bertschy wins face-off versus Mark Jankowski in Condors zone.
12:05 of 1st period - Carl Gunnarsson is hit by Michael Matheson and loses puck.
12:56 of 1st period - Oliver Bjorkstrand is hit by Christian Thomas and loses puck.
13:01 of 1st period - Wrist shot by Christian Thomas.
13:01 of 1st period - Shot Misses the Net.
13:32 of 1st period - Penalty to Jesse Puljujarvi is over, Jesse Puljujarvi is back on ice.
13:39 of 1st period - Scott Mayfield is hit by Kevin Rooney and loses puck.
14:39 of 1st period - Jacob De La Rose is hit by Jesse Puljujarvi.
14:49 of 1st period - Scott Harrington is hit by Zac Leslie and loses puck.
16:08 of 1st period - Snap shot by Oliver Bjorkstrand.
16:08 of 1st period - Shot Misses the Net.
17:11 of 1st period - Chris Bigras is hit by Scott Harrington and loses puck.
17:24 of 1st period - Keegan Lowe is hit by Louis Leblanc and loses puck.
17:33 of 1st period - Icing by C.J Suess.
17:34 of 1st period - Jacob De La Rose wins face-off versus Mark Jankowski in Senators zone.
18:25 of 1st period - Minor Penalty to William Bitten for Holding Stick.
18:26 of 1st period - Mark Jankowski wins face-off versus Christoph Bertschy in Senators zone.
19:00 of 1st period - Icing by Tyler Bozak.
19:01 of 1st period - Christoph Bertschy wins face-off versus Tyler Bozak in Condors zone.
19:23 of 1st period - Icing by Tyler Bozak.
19:24 of 1st period - Tyler Bozak wins face-off versus Jacob De La Rose in Condors zone.
Goals for this period are 0 for Senators vs 1 for Condors.
Shots for this period are 3 for Senators vs 8 for Condors.

2nd period


0:01 of 2nd period - Christoph Bertschy wins face-off versus Mark Jankowski in neutral zone.
0:16 of 2nd period - Slapshot by Adam Erne.
0:16 of 2nd period - Shot Misses the Net.
0:25 of 2nd period - Penalty to William Bitten is over, William Bitten is back on ice.
0:32 of 2nd period - Snap shot by Christian Thomas.
0:32 of 2nd period - Shot Misses the Net.
0:34 of 2nd period - Wrist shot by Kiefer Sherwood.
0:34 of 2nd period - Stopped by Garret Sparks with a rebound.
0:36 of 2nd period - Slapshot by Zac Leslie.
0:36 of 2nd period - Stopped by Garret Sparks without a rebound.
0:37 of 2nd period - Phil McRae wins face-off versus Jacob De La Rose in Senators zone.
1:03 of 2nd period - Christoph Bertschy is hit by Anton Slepyshev and loses puck.
1:37 of 2nd period - Slapshot by Zachary Sanford.
1:37 of 2nd period - Goal by Zachary Sanford - Senators : 1 - Condors : 1.
1:38 of 2nd period - Mark Jankowski wins face-off versus Jacob De La Rose in neutral zone.
2:09 of 2nd period - Snap shot by Zachary Sanford.
2:09 of 2nd period - Stopped by Carter Hart with a rebound.
2:35 of 2nd period - Scott Mayfield is hit by Scott Harrington.
3:07 of 2nd period - Backhand shot by Carl Gunnarsson.
3:07 of 2nd period - Stopped by Garret Sparks with a rebound.
3:09 of 2nd period - Slapshot by Carl Gunnarsson.
3:09 of 2nd period - Shot Blocked by Jacob De La Rose.
3:11 of 2nd period - Wrist shot by Scott Mayfield.
3:11 of 2nd period - Stopped by Garret Sparks without a rebound.
3:12 of 2nd period - Christoph Bertschy wins face-off versus Mark Jankowski in Senators zone.
3:19 of 2nd period - Wrist shot by Tomas Jurco.
3:19 of 2nd period - Stopped by Carter Hart without a rebound.
3:20 of 2nd period - Zachary Sanford wins face-off versus Mark Jankowski in Condors zone.
3:20 of 2nd period - Dmitry Sinitsyn is hit by Zac Leslie and loses puck.
3:35 of 2nd period - Snap shot by Tomas Jurco.
3:35 of 2nd period - Shot Blocked by Zac Leslie.
4:27 of 2nd period - Tyson Jost is hit by Zachary Sanford and loses puck.
4:34 of 2nd period - Snap shot by Zachary Sanford.
4:34 of 2nd period - Stopped by Carter Hart with a rebound.
4:36 of 2nd period - Snap shot by Christoph Bertschy.
4:36 of 2nd period - Stopped by Carter Hart without a rebound.
4:37 of 2nd period - Mark Jankowski wins face-off versus Christoph Bertschy in Condors zone.
5:03 of 2nd period - Minor Penalty to C.J Suess for Goalie Interference.
5:04 of 2nd period - Mark Jankowski wins face-off versus Christoph Bertschy in Senators zone.
5:13 of 2nd period - Slapshot by Mark Jankowski.
5:13 of 2nd period - Shot Misses the Net.
6:10 of 2nd period - Snap shot by Robby Fabbri.
6:10 of 2nd period - Goal by Robby Fabbri - Senators : 1 - Condors : 2.
6:11 of 2nd period - Mark Jankowski wins face-off versus Jacob De La Rose in neutral zone.
6:14 of 2nd period - Dmitry Sinitsyn is hit by Anton Slepyshev.
6:38 of 2nd period - Wrist shot by Jordan Schroeder.
6:38 of 2nd period - Shot Misses the Net.
6:40 of 2nd period - Snap shot by Grant Besse.
6:40 of 2nd period - Stopped by Carter Hart with a rebound.
6:42 of 2nd period - Snap shot by Jordan Schroeder.
6:42 of 2nd period - Shot Misses the Net.
6:44 of 2nd period - Wrist shot by Grant Besse.
6:44 of 2nd period - Goal by Grant Besse - Senators : 2 - Condors : 2.
6:45 of 2nd period - Tyler Bozak wins face-off versus Christoph Bertschy in neutral zone.
6:50 of 2nd period - Dmitry Sinitsyn is hit by Tyler Bozak and loses puck.
6:59 of 2nd period - Snap shot by Tyler Bozak.
6:59 of 2nd period - Stopped by Garret Sparks with a rebound.
7:01 of 2nd period - Wrist shot by Carl Gunnarsson.
7:01 of 2nd period - Stopped by Garret Sparks with a rebound.
7:11 of 2nd period - Adam Erne is hit by Dmitry Sinitsyn and loses puck.
7:30 of 2nd period - Snap shot by Phil McRae.
7:30 of 2nd period - Stopped by Garret Sparks without a rebound.
7:31 of 2nd period - Kevin Rooney wins face-off versus Phil McRae in Senators zone.
7:43 of 2nd period - Wrist shot by Christian Thomas.
7:43 of 2nd period - Shot Misses the Net.
7:45 of 2nd period - Slapshot by Christian Thomas.
7:45 of 2nd period - Goal by Christian Thomas - Senators : 2 - Condors : 3.
7:46 of 2nd period - Mark Jankowski wins face-off versus Christoph Bertschy in neutral zone.
7:56 of 2nd period - Slapshot by Michael Matheson.
7:56 of 2nd period - Stopped by Carter Hart without a rebound.
7:57 of 2nd period - Mark Jankowski wins face-off versus Christoph Bertschy in Condors zone.
8:10 of 2nd period - Snap shot by Mark Jankowski.
8:10 of 2nd period - Stopped by Garret Sparks without a rebound.
8:11 of 2nd period - Christoph Bertschy wins face-off versus Tyler Bozak in Senators zone.
8:42 of 2nd period - Slapshot by Grant Besse.
8:42 of 2nd period - Deflect By Zac Leslie.
8:42 of 2nd period - Goal by Grant Besse - Senators : 3 - Condors : 3.
8:43 of 2nd period - Christoph Bertschy wins face-off versus Mark Jankowski in neutral zone.
9:08 of 2nd period - Anton Slepyshev is hit by Dmitry Sinitsyn and loses puck.
9:23 of 2nd period - Snap shot by Anton Slepyshev.
9:23 of 2nd period - Stopped by Garret Sparks with a rebound.
9:25 of 2nd period - Snap shot by Mark Jankowski.
9:25 of 2nd period - Shot Blocked by Michael Matheson.
9:27 of 2nd period - Snap shot by Anton Slepyshev.
9:27 of 2nd period - Shot Blocked by Dmitry Sinitsyn.
9:29 of 2nd period - Slapshot by Philippe Myers.
9:29 of 2nd period - Shot Blocked by Grant Besse.
9:31 of 2nd period - Wrist shot by Adam Erne.
9:31 of 2nd period - Stopped by Garret Sparks with a rebound.
9:33 of 2nd period - Wrist shot by Mark Jankowski.
9:33 of 2nd period - Shot Blocked by Dmitry Sinitsyn.
9:43 of 2nd period - Dmitry Sinitsyn is hit by Mark Jankowski and loses puck.
9:54 of 2nd period - Snap shot by Mark Jankowski.
9:54 of 2nd period - Shot Misses the Net.
9:56 of 2nd period - Slapshot by Scott Mayfield.
9:56 of 2nd period - Stopped by Garret Sparks with a rebound.
10:16 of 2nd period - Snap shot by Adam Erne.
10:16 of 2nd period - Stopped by Garret Sparks without a rebound.
10:17 of 2nd period - Zachary Sanford wins face-off versus Tyler Bozak in Senators zone.
10:24 of 2nd period - Snap shot by Zachary Sanford.
10:24 of 2nd period - Stopped by Carter Hart with a rebound.
10:26 of 2nd period - Wrist shot by Christoph Bertschy.
10:26 of 2nd period - Stopped by Carter Hart without a rebound.
10:27 of 2nd period - Christoph Bertschy wins face-off versus Tyler Bozak in Condors zone.
10:28 of 2nd period - Snap shot by Zachary Sanford.
10:28 of 2nd period - Stopped by Carter Hart with a rebound.
10:30 of 2nd period - Snap shot by Zachary Sanford.
10:30 of 2nd period - Deflect By Christoph Bertschy.
10:30 of 2nd period - Stopped by Carter Hart without a rebound.
10:31 of 2nd period - Tyler Bozak wins face-off versus Christoph Bertschy in Condors zone.
10:31 of 2nd period - Tyler Bozak is hit by Keegan Lowe.
10:39 of 2nd period - Wrist shot by Robby Fabbri.
10:39 of 2nd period - Shot Misses the Net.
11:24 of 2nd period - Wrist shot by Kevin Rooney.
11:24 of 2nd period - Stopped by Carter Hart with a rebound.
11:26 of 2nd period - Wrist shot by Keegan Lowe.
11:26 of 2nd period - Stopped by Carter Hart without a rebound.
11:27 of 2nd period - Tyler Bozak wins face-off versus Kevin Rooney in Condors zone.
11:42 of 2nd period - Zac Leslie is hit by Kevin Rooney.
12:14 of 2nd period - Slapshot by Dmitry Sinitsyn.
12:14 of 2nd period - Stopped by Carter Hart without a rebound.
12:15 of 2nd period - Mark Jankowski wins face-off versus Christoph Bertschy in Condors zone.
12:40 of 2nd period - Anton Slepyshev is hit by Vitaly Abramov and loses puck.
12:53 of 2nd period - Wrist shot by Grant Besse.
12:53 of 2nd period - Stopped by Carter Hart with a rebound.
13:56 of 2nd period - Slapshot by Christian Thomas.
13:56 of 2nd period - Shot Misses the Net.
14:04 of 2nd period - Slapshot by Vitaly Abramov.
14:04 of 2nd period - Shot Blocked by Phil McRae.
14:06 of 2nd period - Slapshot by Joonas Lyytinen.
14:06 of 2nd period - Shot Misses the Net.
14:18 of 2nd period - Slapshot by Chandler Stephenson.
14:18 of 2nd period - Shot Misses the Net.
15:49 of 2nd period - Zachary Sanford is hit by Zac Leslie and loses puck.
16:00 of 2nd period - Keegan Lowe is hit by Jesse Puljujarvi.
16:16 of 2nd period - Wrist shot by Phil McRae.
16:16 of 2nd period - Stopped by Garret Sparks without a rebound.
16:17 of 2nd period - Tyler Bozak wins face-off versus Jordan Schroeder in Senators zone.
16:41 of 2nd period - Icing by Robby Fabbri.
16:42 of 2nd period - Christoph Bertschy wins face-off versus Phil McRae in Condors zone.
16:45 of 2nd period - Slapshot by Zachary Sanford.
16:45 of 2nd period - Stopped by Carter Hart with a rebound.
16:47 of 2nd period - Snap shot by Zachary Sanford.
16:47 of 2nd period - Goal by Zachary Sanford - Senators : 4 - Condors : 3.
16:48 of 2nd period - Mark Jankowski wins face-off versus Christoph Bertschy in neutral zone.
17:48 of 2nd period - Phil McRae is hit by Michael Matheson and loses puck.
18:09 of 2nd period - Slapshot by Robby Fabbri.
18:09 of 2nd period - Stopped by Garret Sparks with a rebound.
18:25 of 2nd period - Wrist shot by Tomas Jurco.
18:25 of 2nd period - Stopped by Carter Hart without a rebound.
18:26 of 2nd period - Phil McRae wins face-off versus Christoph Bertschy in Condors zone.
18:49 of 2nd period - Snap shot by Zachary Sanford.
18:49 of 2nd period - Shot Misses the Net.
18:51 of 2nd period - Snap shot by Christoph Bertschy.
18:51 of 2nd period - Stopped by Carter Hart with a rebound.
18:53 of 2nd period - Snap shot by Keegan Lowe.
18:53 of 2nd period - Shot Misses the Net.
18:55 of 2nd period - Wrist shot by Zachary Sanford.
18:55 of 2nd period - Stopped by Carter Hart with a rebound.
19:05 of 2nd period - Slapshot by Zachary Sanford.
19:05 of 2nd period - Stopped by Carter Hart without a rebound.
19:06 of 2nd period - Tyler Bozak wins face-off versus C.J Suess in Condors zone.
19:17 of 2nd period - Oliver Bjorkstrand is hit by Jesse Puljujarvi and loses puck.
19:45 of 2nd period - Slapshot by Zac Leslie.
19:45 of 2nd period - Deflect By Phil McRae.
19:45 of 2nd period - Shot Misses the Net.
19:45 of 2nd period - Puck is out of play.
19:46 of 2nd period - Christoph Bertschy wins face-off versus Mark Jankowski in Senators zone.
19:53 of 2nd period - Snap shot by Anton Slepyshev.
19:53 of 2nd period - Stopped by Garret Sparks with a rebound.
Goals for this period are 4 for Senators vs 2 for Condors.
Shots for this period are 23 for Senators vs 17 for Condors.

3rd period


0:01 of 3rd period - Christoph Bertschy wins face-off versus Mark Jankowski in neutral zone.
0:06 of 3rd period - Wrist shot by Zachary Sanford.
0:06 of 3rd period - Shot Hit the Post.
0:08 of 3rd period - Wrist shot by Tomas Jurco.
0:08 of 3rd period - Stopped by Carter Hart with a rebound.
0:10 of 3rd period - Slapshot by Michael Matheson.
0:10 of 3rd period - Deflect By Anton Slepyshev.
0:10 of 3rd period - Stopped by Carter Hart without a rebound.
0:11 of 3rd period - Mark Jankowski wins face-off versus Christoph Bertschy in Condors zone.
0:43 of 3rd period - Snap shot by Oliver Bjorkstrand.
0:43 of 3rd period - Shot Misses the Net.
0:59 of 3rd period - Wrist shot by Phil McRae.
0:59 of 3rd period - Shot Blocked by Joonas Lyytinen.
1:20 of 3rd period - Slapshot by Jordan Schroeder.
1:20 of 3rd period - Goal by Jordan Schroeder - Senators : 5 - Condors : 3.
1:21 of 3rd period - Christoph Bertschy wins face-off versus Mark Jankowski in neutral zone.
2:11 of 3rd period - Dmitry Sinitsyn is hit by Tyson Jost and loses puck.
2:31 of 3rd period - Off-side.
2:32 of 3rd period - Jordan Schroeder wins face-off versus Mark Jankowski in neutral zone.
3:28 of 3rd period - Snap shot by Jordan Schroeder.
3:28 of 3rd period - Shot Misses the Net.
3:30 of 3rd period - Wrist shot by Jordan Schroeder.
3:30 of 3rd period - Goal by Jordan Schroeder - Senators : 6 - Condors : 3.
3:31 of 3rd period - Mark Jankowski wins face-off versus Christoph Bertschy in neutral zone.
3:42 of 3rd period - Zachary Sanford is hit by Mark Jankowski and loses puck.
4:02 of 3rd period - Scott Mayfield is hit by Tomas Jurco and loses puck.
4:11 of 3rd period - Snap shot by Zachary Sanford.
4:11 of 3rd period - Shot Blocked by Carl Gunnarsson.
4:29 of 3rd period - Wrist shot by Tyler Bozak.
4:29 of 3rd period - Shot Misses the Net.
4:31 of 3rd period - Wrist shot by Jesse Puljujarvi.
4:31 of 3rd period - Shot Misses the Net.
4:42 of 3rd period - Off-side.
4:43 of 3rd period - Jacob De La Rose wins face-off versus Louis Leblanc in neutral zone.
4:54 of 3rd period - Slapshot by Jacob De La Rose.
4:54 of 3rd period - Deflect By C.J Suess.
4:54 of 3rd period - Shot Misses the Net.
4:54 of 3rd period - Puck is out of play.
4:55 of 3rd period - Jacob De La Rose wins face-off versus Mark Jankowski in Condors zone.
5:50 of 3rd period - Off-side.
5:51 of 3rd period - Mark Jankowski wins face-off versus Christoph Bertschy in neutral zone.
6:00 of 3rd period - Slapshot by Joonas Lyytinen.
6:00 of 3rd period - Stopped by Carter Hart without a rebound.
6:01 of 3rd period - Christoph Bertschy wins face-off versus Mark Jankowski in Condors zone.
6:37 of 3rd period - Off-side.
6:38 of 3rd period - Tyler Bozak wins face-off versus Jacob De La Rose in neutral zone.
6:41 of 3rd period - Wrist shot by Robby Fabbri.
6:41 of 3rd period - Stopped by Garret Sparks with a rebound.
7:03 of 3rd period - Michael Matheson is hit by Scott Mayfield and loses puck.
7:08 of 3rd period - Snap shot by Phil McRae.
7:08 of 3rd period - Stopped by Garret Sparks without a rebound.
7:09 of 3rd period - Christoph Bertschy wins face-off versus Mark Jankowski in Senators zone.
7:41 of 3rd period - Wrist shot by Tyler Bozak.
7:41 of 3rd period - Shot Misses the Net.
8:01 of 3rd period - Snap shot by Christian Thomas.
8:01 of 3rd period - Stopped by Garret Sparks without a rebound.
8:02 of 3rd period - Christoph Bertschy wins face-off versus Phil McRae in Senators zone.
9:06 of 3rd period - Scott Mayfield is hit by Zachary Sanford and loses puck.
9:22 of 3rd period - Icing by Tomas Jurco.
9:23 of 3rd period - Louis Leblanc wins face-off versus Jordan Schroeder in Senators zone.
9:48 of 3rd period - Tomas Jurco is hit by Adam Erne and loses puck.
10:33 of 3rd period - Wrist shot by Clayton Keller.
10:33 of 3rd period - Stopped by Garret Sparks with a rebound.
10:35 of 3rd period - Snap shot by Louis Leblanc.
10:35 of 3rd period - Stopped by Garret Sparks with a rebound.
10:37 of 3rd period - Snap shot by Clayton Keller.
10:37 of 3rd period - Shot Misses the Net.
10:41 of 3rd period - Snap shot by Louis Leblanc.
10:41 of 3rd period - Stopped by Garret Sparks with a rebound.
10:43 of 3rd period - Slapshot by Louis Leblanc.
10:43 of 3rd period - Shot Misses the Net.
11:12 of 3rd period - Michael Matheson is hit by Anton Slepyshev and loses puck.
11:31 of 3rd period - Vitaly Abramov is hit by Jesse Puljujarvi and loses puck.
11:36 of 3rd period - Snap shot by Tyler Bozak.
11:36 of 3rd period - Stopped by Garret Sparks without a rebound.
11:37 of 3rd period - Christoph Bertschy wins face-off versus Tyler Bozak in Senators zone.
11:48 of 3rd period - Wrist shot by Zachary Sanford.
11:48 of 3rd period - Shot Blocked by Carl Gunnarsson.
11:54 of 3rd period - Slapshot by Robby Fabbri.
11:54 of 3rd period - Stopped by Garret Sparks with a rebound.
11:56 of 3rd period - Snap shot by Robby Fabbri.
11:56 of 3rd period - Shot Blocked by Tomas Jurco.
11:58 of 3rd period - Snap shot by Robby Fabbri.
11:58 of 3rd period - Goal by Robby Fabbri - Senators : 6 - Condors : 4.
11:59 of 3rd period - Mark Jankowski wins face-off versus Christoph Bertschy in neutral zone.
12:02 of 3rd period - Slapshot by Scott Mayfield.
12:02 of 3rd period - Stopped by Garret Sparks with a rebound.
12:31 of 3rd period - Slapshot by Scott Mayfield.
12:31 of 3rd period - Stopped by Garret Sparks with a rebound.
12:33 of 3rd period - Slapshot by Scott Mayfield.
12:33 of 3rd period - Deflect By Tyler Bozak.
12:33 of 3rd period - Stopped by Garret Sparks without a rebound.
12:34 of 3rd period - Tyler Bozak wins face-off versus Christoph Bertschy in Senators zone.
13:05 of 3rd period - Oliver Bjorkstrand is hit by Mark Jankowski and loses puck.
13:17 of 3rd period - Icing by Alexandre Carrier.
13:18 of 3rd period - Phil McRae wins face-off versus Kevin Rooney in Condors zone.
14:11 of 3rd period - Snap shot by C.J Suess.
14:11 of 3rd period - Stopped by Carter Hart without a rebound.
14:12 of 3rd period - Mark Jankowski wins face-off versus Jacob De La Rose in Condors zone.
14:14 of 3rd period - Minor Penalty to Mark Jankowski for Hooking.
14:15 of 3rd period - Louis Leblanc wins face-off versus Christoph Bertschy in Condors zone.
16:14 of 3rd period - Penalty to Mark Jankowski is over, Mark Jankowski is back on ice.
16:27 of 3rd period - Jesse Puljujarvi is hit by Dmitry Sinitsyn and loses puck.
16:40 of 3rd period - Nikita Nesterov is hit by Adam Erne and loses puck.
16:59 of 3rd period - Philippe Myers is hit by Grant Besse.
19:58 of 3rd period - Oliver Bjorkstrand is hit by Clayton Keller and loses puck.
Goals for this period are 2 for Senators vs 1 for Condors.
Shots for this period are 6 for Senators vs 12 for Condors.